Map: Whitewater Line LE

Players

Cthulhu - Winner!

  • Race: Protoss Protoss
  • Spawn Location: 7:00

Throwfordays - Winner!

  • Race: Protoss Protoss
  • League: Silver
  • Spawn Location: 7:00

Faust - Winner!

  • Race: Zerg Zerg
  • League: Diamond
  • Spawn Location: 6:00

Darkside

  • Race: Protoss Protoss
  • League: Diamond
  • Spawn Location: 1:00

EmmettRay

  • Race: Protoss Protoss
  • Spawn Location: 12:00

Caesar

  • Race: Zerg Zerg
  • Spawn Location: 1:00

VOD

Have the link to the VOD?

Description

Time

  • Played on: April 3, 2019, 12:13 a.m.
  • Length: 12:40
Show
View Real Time Build Order
Export as new Build Order

Cthulhu Protoss - Winner!

Build Orders:  

Get SALT Encoding   

  12  0:01  Probe  
  13  0:14  Probe  
  14  0:26  Pylon  
  14  0:28  Probe  
  15  0:44  Probe  
  15  0:45  Gateway  
  16  0:53  Gateway  
  16  1:02  Pylon, Probe  
  16  1:10  Probe  
  17  1:12  Assimilator  
  18  1:29  Gateway  
  18  1:36  Zealot  
  20  1:44  Probe  
  21  1:47  Zealot  
  23  1:56  Probe  
  24  2:02  Cybernetics Core  
  24  2:12  Zealot  
  26  2:21  Forge  
  26  2:30  Zealot, Warp Gate  
  26  2:31  Zealot  
  30  2:49  Protoss Ground Armor Level 1  
  30  2:55  Pylon  
  30  3:04  Photon Cannon  
  30  3:23  Nexus  
  31  3:41  Probe  
  31  3:46  Stalker x2  
  35  3:54  Assimilator  
  35  4:01  Pylon  
  35  4:07  Probe  
  36  4:27  Pylon  
  36  4:31  Assimilator  
  36  4:43  Pylon  
  36  4:45  Twilight Council  
  36  4:49  Protoss Ground Weapons Level 1  
  36  4:51  Photon Cannon  
  36  4:54  Probe  
  36  4:57  Probe  
  38  5:06  Probe  
  39  5:11  Stalker x2  
  39  5:29  Photon Cannon  
  39  5:40  Shield Battery  
  39  5:42  Shield Battery  
  39  5:46  Photon Cannon  
  39  5:48  Shield Battery  
  39  6:00  Pylon  
  39  6:07  Stalker x2  
  35  6:39  Zealot  
  37  6:40  Zealot  
  39  6:54  Pylon  
  37  7:31  Probe  
  37  7:32  Probe  
  37  7:35  Stalker, Zealot  
  37  7:36  Zealot  
  45  7:37  Protoss Ground Armor Level 2  
  45  7:39  Probe  
  46  7:44  Probe  
  46  7:47  Probe  
  46  7:50  Photon Cannon  
  46  7:51  Photon Cannon  
  47  7:52  Shield Battery  
  47  7:56  Probe  
  49  8:07  Gateway  
Show
View Real Time Build Order
Export as new Build Order

Throwfordays Protoss - Winner!

Build Orders: Nexus First, Carriers 

Get SALT Encoding   

  12  0:00  Probe  
  13  0:13  Probe  
  14  0:18  Pylon  
  14  0:24  Probe  
  15  0:32  Probe  
  15  0:40  Probe  
  17  1:02  Nexus  
  17  1:11  Probe  
  17  1:15  Assimilator  
  18  1:23  Probe  
  19  1:26  Gateway  
  19  1:33  Assimilator  
  19  1:36  Probe  
  20  1:48  Probe  
  20  1:52  Forge  
  21  2:00  Probe  
  22  2:13  Cybernetics Core, Probe  
  23  2:18  Pylon  
  23  2:31  Photon Cannon  
  22  2:47  Probe  
  22  2:49  Probe  
  22  2:50  Photon Cannon  
  23  2:53  Photon Cannon  
  23  2:57  Probe  
  25  3:07  Pylon, Probe  
  25  3:10  Photon Cannon  
  26  3:15  Probe  
  26  3:19  Probe  
  28  3:24  Probe  
  28  3:31  Probe  
  28  3:32  Probe  
  30  3:39  Probe  
  30  3:40  Warp Gate  
  31  3:42  Probe  
  31  3:47  Protoss Ground Weapons Level 1, Probe  
  33  3:51  Assimilator  
  33  3:54  Probe  
  35  3:56  Assimilator  
  35  3:59  Probe  
  36  4:06  Probe  
  36  4:08  Pylon  
  37  4:11  Pylon, Probe  
  38  4:18  Probe  
  38  4:23  Probe  
  40  4:30  Probe  
  40  4:31  Photon Cannon  
  41  4:34  Photon Cannon  
  41  4:35  Probe  
  42  4:38  Photon Cannon  
  42  4:42  Photon Cannon  
  42  4:43  Probe  
  42  4:52  Probe  
  44  5:00  Nexus  
  44  5:01  Probe  
  44  5:03  Assimilator  
  45  5:07  Assimilator  
  45  5:09  Pylon  
  45  5:12  Pylon  
  45  5:17  Gateway  
  45  5:22  Gateway  
  45  5:27  Gateway  
  45  5:30  Pylon  
  45  5:34  Stalker  
  47  5:46  Gateway  
  47  5:50  Protoss Ground Armor Level 1, Probe  
  48  5:59  Stalker  
  50  6:12  Stalker  
  52  6:18  Forge  
  52  6:24  Stalker  
  52  6:25  Stalker x2  
  56  6:42  Probe  
  57  6:50  Probe  
  57  6:59  Protoss Shields Level 1  
  57  7:00  Probe  
  58  7:01  Nexus  
  58  7:02  Pylon  
  58  7:04  Pylon  
  58  7:07  Pylon x2  
  59  7:12  Probe  
  59  7:14  Pylon  
  60  7:16  Assimilator  
  60  7:17  Pylon  
  60  7:20  Assimilator, Pylon  
  60  7:24  Probe  
  61  7:34  Pylon, Probe  
  62  7:39  Pylon  
  62  7:42  Cybernetics Core, Probe  
  62  7:44  Twilight Council  
  62  7:51  Probe  
  63  7:56  Protoss Air Weapons Level 1  
  63  7:57  Stargate  
  63  7:58  Stargate  
  64  8:00  Stargate  
  64  8:03  Probe  
  64  8:04  Stargate  
  65  8:05  Stargate  
  65  8:15  Probe  
  66  8:20  Probe  
  66  8:23  Protoss Air Armor Level 1  
  67  8:27  Probe  
  67  8:28  Probe  
  69  8:38  Probe  
  69  8:39  Probe  
  71  8:42  Fleet Beacon  
  71  8:50  Probe  
  72  9:01  Probe  
  72  9:02  Probe  
  74  9:03  Protoss Shields Level 2  
  74  9:08  Carrier  
  74  9:09  Carrier  
  74  9:10  Carrier  
  74  9:13  Probe  
  74  9:14  Probe  
  74  9:15  Carrier  
  74  9:16  Carrier  
  76  9:26  Probe  
  108  9:38  Probe  
  108  9:41  Probe  
  109  9:50  Probe  
  110  9:53  Probe  
  111  10:02  Probe  
  111  10:05  Probe  
  113  10:10  Carrier x3  
  125  10:20  Carrier x2  
  119  11:14  Pylon, Carrier x3  
  119  11:16  Pylon  
  119  11:17  Pylon  
  137  11:24  Carrier  
  137  11:25  Carrier  
Show
View Real Time Build Order
Export as new Build Order

Faust Zerg - Winner!

Build Orders: Hatch First, Swarm Host 

Get SALT Encoding   

  12  0:14  Drone x2  
  14  0:22  Overlord  
  14  0:42  Drone x2  
  16  0:52  Hatchery  
  16  0:56  Drone  
  16  0:58  Drone  
  16  1:02  Extractor  
  16  1:12  Drone  
  17  1:21  Spawning Pool  
  16  1:26  Drone  
  16  1:30  Drone  
  18  1:43  Drone  
  19  1:51  Overlord  
  19  2:08  Metabolic Boost  
  19  2:09  Queen x2  
  19  2:13  Drone  
  24  2:20  Drone  
  25  2:25  Drone  
  26  2:30  Drone  
  26  2:31  Drone x2  
  26  2:36  Drone  
  30  2:39  Drone  
  31  2:44  Overlord  
  31  2:58  Lair, Overlord  
  31  2:59  Zergling x2  
  31  3:01  Zergling x2  
  33  3:06  Zergling x2  
  34  3:13  Zergling x2  
  35  3:21  Zergling x8  
  35  3:22  Zergling x4  
  35  3:24  Extractor  
  35  3:25  Drone  
  42  3:27  Drone  
  42  3:52  Drone  
  42  3:53  Drone x7  
  42  3:54  Overlord x2  
  50  4:00  Infestation Pit  
  50  4:01  Drone  
  50  4:03  Drone  
  50  4:08  Extractor  
  50  4:10  Extractor  
  49  4:18  Drone x2  
  49  4:21  Spore Crawler  
  50  4:25  Spore Crawler  
  50  4:27  Drone  
  50  4:34  Drone x2  
  50  4:36  Drone x2  
  50  4:37  Drone x2  
  56  5:00  Hatchery, Swarm Host x3  
  56  5:05  Nydus Network  
  60  5:09  Zergling x2  
  60  5:10  Zergling x6  
  61  5:24  Swarm Host x2  
  67  5:29  Overlord x2  
  67  5:43  Spine Crawler  
  67  5:48  Swarm Host x2  
  67  5:49  Swarm Host x3  
  81  5:51  Swarm Host  
  84  6:15  Zergling x12  
  85  6:46  Nydus Canal  
  85  6:48  Drone x2  
  85  6:51  Drone x4  
  84  7:31  Drone x5  
  84  7:34  Overlord x4  
  84  7:35  Extractor  
  88  7:37  Extractor  
  88  7:41  Evolution Chamber  
  88  7:43  Drone  
  87  7:45  Evolution Chamber  
  87  7:47  Spore Crawler  
  87  7:49  Spore Crawler  
  84  7:53  Spore Crawler, Drone  
  84  7:56  Drone x2  
  86  8:04  Drone x3  
  86  8:05  Drone x2  
  91  8:13  Swarm Host  
  91  8:14  Swarm Host x5  
  91  8:18  Zerg Ground Armor Level 1, Zerg Missile Weapons Level 1  
  109  8:21  Hive  
  109  8:22  Burrow  
  109  8:23  Pneumatized Carapace  
  109  8:25  Drone x3  
  112  8:30  Drone  
  113  8:34  Overlord  
  113  8:35  Overlord  
  113  8:38  Hatchery  
  112  9:05  Queen  
  114  9:14  Nydus Canal  
  114  9:16  Drone x6  
  114  9:17  Drone x8, Overlord  
  128  9:28  Spine Crawler  
  128  9:29  Spine Crawler  
  126  9:48  Spire  
  126  9:49  Spire  
  124  10:05  Hydralisk Den  
  123  10:17  Drone  
  123  10:18  Extractor x2, Drone x2  
  123  10:19  Drone x3  
  127  10:31  Zerg Melee Weapons Level 1  
  127  10:38  Lurker Den, Evolution Chamber  
  127  10:39  Hydralisk x3  
  127  10:40  Hydralisk x10  
  151  10:43  Overlord x8  
  151  10:44  Overlord x2  
  145  11:05  Hydralisk  
  145  11:06  Hydralisk x9  
  160  11:14  Greater Spire  
  138  11:29  Overseer x3  
  129  12:18  Extractor x2, Hatchery  
Show
View Real Time Build Order
Export as new Build Order

Darkside Protoss 

Build Orders: 1 Gate Expand 

Get SALT Encoding   

  12  0:02  Probe  
  13  0:14  Probe  
  13  0:18  Pylon  
  14  0:26  Probe  
  15  0:38  Probe  
  15  0:40  Gateway  
  16  0:52  Assimilator  
  16  1:12  Nexus  
  16  1:16  Probe  
  17  1:27  Probe  
  17  1:29  Cybernetics Core  
  18  1:38  Probe  
  19  1:47  Probe  
  19  1:50  Assimilator  
  20  1:55  Probe  
  20  1:57  Pylon  
  21  2:05  Warp Gate  
  21  2:16  Probe  
  22  2:26  Probe  
  22  2:28  Probe  
  22  2:29  Stalker  
  25  2:40  Probe  
  25  2:42  Probe  
  27  2:48  Pylon  
  27  2:52  Probe  
  28  3:00  Robotics Facility  
  28  3:05  Twilight Council, Probe x2  
  28  3:12  Zealot  
  32  3:13  Probe x2  
  34  3:22  Probe  
  34  3:23  Gateway  
  35  3:28  Probe  
  35  3:32  Probe  
  37  3:40  Probe  
  38  3:45  Shield Battery  
  38  3:48  Probe  
  38  3:50  Probe  
  38  3:51  Warp Prism  
  42  3:56  Probe  
  42  3:58  Probe  
  44  4:03  Zealot  
  46  4:11  Gateway  
  46  4:19  Zealot  
  48  4:25  Probe x2  
  50  4:31  Assimilator  
  50  4:34  Assimilator  
  50  4:40  Zealot  
  52  4:45  Pylon  
  52  4:46  Charge  
  52  4:55  Zealot  
  54  5:04  Immortal  
  58  5:17  Zealot x2  
  62  5:27  Pylon  
  62  5:33  Gateway  
  62  5:34  Gateway  
  62  5:35  Gateway  
  62  5:37  Pylon  
  62  5:47  Pylon  
  62  5:50  Pylon, Probe x2  
  62  5:53  Immortal  
  68  6:02  Probe x2  
  70  6:16  Zealot x2  
  70  6:17  Zealot  
  74  6:23  Gateway  
  74  6:24  Gateway  
  74  6:25  Gateway  
  62  7:01  Zealot x2  
  62  7:02  Zealot x4  
  74  7:14  Pylon  
  70  7:15  Pylon  
  70  7:17  Pylon  
  66  7:27  Zealot x4  
  66  7:28  Zealot x5  
  84  7:51  Stalker x2  
  84  7:52  Stalker, Zealot x2  
  84  7:53  Zealot x4  
  102  8:02  Nexus  
  102  8:04  Pylon  
  102  8:06  Pylon  
  102  8:09  Assimilator  
  102  8:13  Templar Archives  
  102  8:30  Forge  
  102  8:33  Forge  
  102  8:50  High Templar x4  
  102  8:51  High Templar x5  
  102  8:54  Archon x2  
  102  8:55  Archon x2  
  120  9:27  High Templar x2  
  120  9:28  High Templar x2  
  120  9:30  Zealot x2  
  120  9:31  Stalker x3  
  124  9:57  Probe x3  
  127  10:01  Archon x2  
  127  10:09  Probe  
  128  10:49  High Templar  
  130  10:50  High Templar x3  
  130  10:51  Zealot x2  
  130  10:52  Zealot x3  
  130  10:54  Archon x2  
  138  11:48  Stalker  
  138  11:49  Stalker x4  
  148  11:57  Pylon  
  148  11:59  Pylon  
  148  12:02  Pylon  
  148  12:04  Pylon  
  148  12:05  Pylon  
  148  12:08  Assimilator, Pylon  
Show
View Real Time Build Order
Export as new Build Order

EmmettRay Protoss 

Build Orders:  

Get SALT Encoding   

  12  0:04  Probe  
  13  0:16  Probe  
  13  0:19  Pylon  
  14  0:26  Assimilator  
  14  0:31  Probe  
  15  0:41  Gateway  
  15  0:45  Probe  
  16  0:57  Probe  
  16  1:03  Pylon  
  17  1:09  Probe  
  18  1:12  Assimilator  
  18  1:21  Probe  
  19  1:28  Cybernetics Core  
  19  1:35  Probe  
  19  1:36  Gateway  
  20  1:44  Probe  
  20  1:46  Warp Gate  
  20  1:53  Probe  
  21  1:59  Gateway  
  22  2:09  Probe  
  23  2:15  Pylon  
  23  2:23  Stalker  
  25  2:33  Pylon  
  25  2:48  Stalker  
  25  2:49  Stalker  
  29  3:02  Gateway  
  29  3:06  Pylon  
  29  3:18  Forge  
  29  3:39  Stalker x2  
  29  3:40  Stalker  
  35  4:15  Twilight Council  
  33  4:20  Stalker  
  33  4:21  Stalker x2  
  39  4:39  Protoss Ground Weapons Level 1, Blink  
  39  4:44  Nexus  
  39  5:14  Stalker  
  41  5:40  Pylon  
  41  5:42  Stalker  
  43  5:43  Stalker x2  
  47  5:57  Probe x2  
  49  6:09  Probe x2  
  43  6:21  Probe  
  38  6:28  Stalker x3  
  42  6:42  Stalker  
  44  6:50  Protoss Ground Armor Level 1  
  44  6:51  Assimilator, Stalker  
  44  6:52  Stalker  
  48  7:05  Stalker  
  48  7:06  Stalker  
  45  7:20  Probe  
  42  7:32  Probe  
  33  8:02  Assimilator  
  33  8:08  Probe  
  34  8:13  Pylon  
  34  8:17  Pylon  
  34  8:20  Stalker x2, Probe  
  39  8:44  Nexus  
  39  8:59  Stalker  
  31  9:16  Stalker  
  33  9:17  Stalker  
  35  9:28  Pylon  
  35  9:30  Pylon  
  35  9:34  Probe  
  36  9:54  Stalker x2  
  40  10:10  Nexus  
  40  10:16  Pylon  
  40  10:28  Photon Cannon  
  40  10:37  Stalker  
  42  10:43  Probe  
  43  10:55  Probe  
  44  11:00  Stalker x2  
  48  11:07  Probe  
  45  11:48  Stalker  
  45  11:49  Stalker x3  
  45  11:52  Probe  
  54  11:55  Assimilator  
  54  12:00  Photon Cannon  
  54  12:04  Probe  
  39  12:16  Stalker x2  
Show
View Real Time Build Order
Export as new Build Order

Caesar Zerg 

Build Orders: Pool First 

Get SALT Encoding   

  12  0:04  Drone  
  13  0:15  Drone  
  13  0:18  Overlord  
  14  0:27  Extractor  
  13  0:28  Drone  
  14  0:38  Drone  
  14  0:39  Drone  
  16  0:56  Spawning Pool  
  15  0:57  Drone  
  15  1:01  Drone  
  17  1:10  Drone  
  18  1:22  Drone  
  19  1:32  Overlord  
  19  1:44  Queen  
  21  1:47  Drone  
  22  1:58  Extractor  
  22  1:59  Zergling x2  
  22  2:09  Drone  
  23  2:16  Roach Warren  
  22  2:43  Zergling x6  
  25  2:53  Overlord  
  25  2:58  Roach x2  
  29  3:01  Drone  
  29  3:02  Hatchery  
  29  3:10  Drone  
  30  3:17  Metabolic Boost  
  30  3:20  Lair  
  30  3:22  Drone  
  31  3:27  Zergling x2  
  31  3:28  Zergling x4  
  34  3:47  Roach x2  
  38  4:10  Overlord x4  
  34  4:42  Drone x3  
  34  4:43  Drone  
  34  4:44  Drone  
  39  5:00  Hatchery  
  38  5:16  Roach  
  38  5:17  Roach x4  
  46  5:51  Roach x3  
  29  6:47  Spire  
  29  6:48  Drone  
  29  6:49  Drone x9  
  29  6:52  Queen  
  40  7:12  Drone x2  
  40  7:13  Extractor  
  41  7:25  Overseer  
  41  7:27  Overseer  
  41  7:33  Roach x4  
  49  8:01  Extractor  
  48  8:16  Mutalisk  
  48  8:17  Mutalisk x10  
  70  8:35  Zergling x2  
  70  8:36  Zergling x8  
  75  8:44  Baneling Nest  
  74  8:53  Zergling x2  
  74  8:54  Zergling x2  
  76  9:19  Overlord  
  76  9:20  Overlord x9  
  76  9:53  Zergling x2  
  76  9:54  Zergling x10  
  82  10:02  Zergling x2  
  83  10:16  Zergling x4  
  83  10:18  Baneling  
  83  10:19  Baneling x15  
  85  10:22  Burrow  
  85  10:52  Extractor  
  85  10:53  Hatchery  
  83  11:31  Zergling x2  
  83  11:32  Zergling x16  
  86  11:49  Corruptor x2  
  88  12:10  Corruptor x3, Overlord  
  88  12:13  Baneling  
  88  12:14  Baneling x11  
Tags
 
Add a new tag
Caveats
  • Supply blocks, unpowered buildings, or Contaminate may cause inaccurate times.
  • Supply counts are checked every 10 seconds.